 Dungeon Crawl Stone Soup version 0.29.0-4-gdea44cf6ec (webtiles) character file.

Game seed: 1361491703250656254

58 qw the Ruffian (level 3, 0/36 HPs)
             Began as a Troll Cinder Acolyte on Sept 1, 2022.
             Was a High Priest of Ignis.
             Killed from afar by Sigmund (6 damage)
             ... with a puff of flame
             ... on level 2 of the Dungeon.
             The game lasted 00:00:55 (1195 turns).

qw the Ruffian (Troll Cinder Acolyte)               Turns: 1195, Time: 00:00:56

Health: 0/36       AC:  4    Str: 24    XL:     3   Next: 76%
Magic:  3/3        EV:  9    Int: 10    God:    Ignis [*****.]
Gold:   102        SH:  0    Dex:  5    Spells: 4/4 levels left

rFire   + . .      SeeInvis .     - Unarmed
rCold   . . .      Faith    .   (no shield)
rNeg    . . .      Spirit   .   a - +0 robe
rPois   .          Reflect  .   (helmet restricted)
rElec   .          Harm     .   (no cloak)
rCorr   .          Rampage  .   (gloves unavailable)
Will    .....                   (boots unavailable)
Stlth   +.........              (no amulet)
HPRegen 0.92/turn               (no ring)
MPRegen 0.08/turn               (no ring)

@: no status effects
A: large, unfitting armour, claws 3, regeneration 1, shaggy fur 1, tough skin 1
a: Renounce Religion, Fiery Armour, Foxfire Swarm, Rising Flame


You were on level 2 of the Dungeon.
You worshipped Ignis.
Ignis was extremely pleased with you.
You visited 1 branch of the dungeon, and saw 2 of its levels.

You collected 102 gold pieces.


Innate Abilities, Weirdness & Mutations

You are too large for most types of armour.
You have claws for hands.
Your natural rate of healing is unusually fast.
You are covered in fur. (AC +1)
You have tough skin. (AC +1)


   Skills:
 - Level 2.4 Fighting
 + Level 4.8 Unarmed Combat
 - Level 1.0 Spellcasting
 - Level 2.1 Fire Magic


You had 4 spell levels left.
You didn't know any spells.
Your spell library contained the following spells:

 Spells                   Type           Power      Damage    Failure   Level
 Scorch                   Fire           8%         2d5       22%         2

Inventory:

Armour
 a - a +0 robe (worn)
Jewellery
 c - an amulet of regeneration
Potions
 b - 2 potions of heal wounds
 f - a potion of brilliance {unknown}
 h - a potion of degeneration {unknown}

Dungeon Overview and Level Annotations

Branches:
Dungeon (2/15)

Altars:

Annotations:
D:2 Sigmund


Message History

Sigmund shouts!
Sigmund says, "Now you see me, now you don't..."
Enter note:
1176 ||| Stepping ~*~*~tactically~*~*~ (hiding).
You start waiting.
Sigmund is nearby!
Sigmund barely misses you.
You barely miss Sigmund.
Sigmund mumbles some strange words.
Sigmund flickers and vanishes!
Deactivating autopickup; reactivate with Ctrl-A.
You closely miss something. Something hits you!
You barely miss something. Something hits you!
You scratch something. You closely miss something.
You hear some strange, mumbled words.
You are confused.
You're too confused to attack without stumbling around!
There is a strange disturbance nearby!
Something hits you!
You're too confused to attack without stumbling around!
There is a strange disturbance nearby!
You're too confused to attack without stumbling around!
There is a strange disturbance nearby!
Something hits you!
You're too confused to attack without stumbling around!
There is a strange disturbance nearby!
Something hits you.
You're too confused to attack without stumbling around!
There is a strange disturbance nearby!
You feel less confused.
You miss something. Something hits you.
You miss something.
You hear some strange, mumbled words.
A puff of flame appears from out of thin air!
The puff of flame hits you. You resist.
You die...

###................#........#
....<.....[........##.......###
#.##.#..............##.......%#.
#.
.......#..........##.......... .
......###......................
..###.###.#........##..........
..# #..##.#........##..........
#####.##......................
#........)...@{.....#####...#.
#.........#.#....##.. #.####
.###......)###.#....# ..
...........# #.#....#
.###.......###.#....#
#.......##..#....#
#######.##.##....# #.##.####.##
#.##.#


There were no monsters in sight!

Vanquished Creatures
  An adder (D:2)
  A dart slug (D:1)
  6 bats (D:1)
  2 endoplasms (D:1)
  5 giant cockroaches
  5 goblins
  4 hobgoblins (D:2)
  3 quokkas
  A ball python (D:2)
  9 frilled lizards (D:1)
  4 kobolds
  6 rats
47 creatures vanquished.

Notes
Turn   | Place    | Note
-------+----------+-------------------------------------------
     0 | D:1      | qw the Troll Cinder Acolyte began the quest for the Orb.
     0 | D:1      | Reached XP level 1. HP: 22/22 MP: 1/1
     0 | D:1      | 0 ||| qw: Version: 0.1-a-97-g2dd2ca4
     0 | D:1      | 0 ||| qw: Game counter: 4842
     0 | D:1      | 0 ||| qw: Always use a shield: true
     0 | D:1      | 0 ||| qw: God list: Okawaru
     0 | D:1      | 0 ||| qw: Allow faded altars: false
     0 | D:1      | 0 ||| qw: Do Orc after D:15 true
     0 | D:1      | 0 ||| qw: Do second Lair branch before Depths: true
     0 | D:1      | 0 ||| qw: Lair rune preference: random
     0 | D:1      | 0 ||| qw: Plans: Normal
     0 | D:1      | 0 ||| PLANNING D:1-11
   179 | D:1      | Reached XP level 2. HP: 29/29 MP: 2/2
   412 | D:1      | 412 ||| Stepping ~*~*~tactically~*~*~ (outnumbered).
   424 | D:1      | Reached skill level 4 in Unarmed Combat
   904 | D:1      | 904 ||| READING scroll labelled NEIROC UNUDUP.
   905 | D:1      | 905 ||| READING scroll labelled OKEPTA KADYDGHO.
   906 | D:1      | 906 ||| READING scroll labelled UBBUPU RYNIADGH.
   909 | D:1      | 909 ||| READING scroll labelled JIHAURGHIAS.
   910 | D:1      | 910 ||| READING scroll labelled XIUDA MOSMEUVUNN.
   911 | D:1      | 911 ||| DRINKING 3 glowing cyan potions.
   932 | D:2      | Reached XP level 3. HP: 36/36 MP: 3/3
   934 | D:2      | 934 ||| Stepping ~*~*~tactically~*~*~ (stealth).
   940 | D:2      | 940 ||| Stepping ~*~*~tactically~*~*~ (stealth).
   941 | D:2      | 941 ||| Stepping ~*~*~tactically~*~*~ (stealth).
   952 | D:2      | 952 ||| Stepping ~*~*~tactically~*~*~ (stealth).
   965 | D:2      | 965 ||| Stepping ~*~*~tactically~*~*~ (stealth).
   966 | D:2      | 966 ||| Stepping ~*~*~tactically~*~*~ (stealth).
  1128 | D:2      | 1128 ||| Stepping ~*~*~tactically~*~*~ (stealth).
  1129 | D:2      | 1129 ||| Stepping ~*~*~tactically~*~*~ (stealth).
  1175 | D:2      | Noticed Sigmund
  1176 | D:2      | 1176 ||| Stepping ~*~*~tactically~*~*~ (hiding).
  1191 | D:2      | HP: 7/36 [something (8)]
  1195 | D:2      | Killed from afar by Sigmund

Levels and vault maps discovered:
D:1:      lemuel_arrival_muddy, layout_basic, minmay_lizard_pond
D:2:      layout_rooms, basic_altar, serial_shops,
          nicolae_shop_bloodbath_and_beyond, guppyfry_early_orc_mine,
          uniq_sigmund

Skill      XL: |  1  2 |
---------------+-------+-----
Unarmed Combat | 4 |  4.8
Fighting       | |  2.4
Spellcasting   | |  1.0
Fire Magic     | |  2.1

Action                   || total
-------------------------++-------
Melee: Unarmed           ||   132
  Use: Scroll            ||     5
       Potion            ||     1
Armor: Robe              ||    45
Dodge: Dodged            ||    49

Table legend:
 A = Non-vault XP
 B = Vault XP
 C = Vault XP percentage of total XP
 D = Non-vault monster count
 E = Vault monster count
 F = Vault count percentage of total count
                 A         B        C        D         E       F
            +---------+---------+-------+---------+---------+-------
      Total |      80 |       4 |   4.8 |      43 |       4 |   8.5
            +---------+---------+-------+---------+---------+-------
        D:1 |      36 |       4 |  10.0 |      24 |       4 |  14.3
        D:2 |      44 |       0 |   0.0 |      19 |       0 |   0.0
            +---------+---------+-------+---------+---------+-------
